 Dungeon Crawl Stone Soup version 0.30-a0-739-gea05faddec (webtiles) character file.

Game seed: 10374031039317689586

41343 Crownlay the Geomancer (level 14, -11/84 HPs)
             Began as a Gargoyle Earth Elementalist on Feb 4, 2023.
             Was a High Priest of Vehumet.
             Mangled by a reaper
             ... wielding a +1 scythe of freezing
              (34 damage)
             ... in an ice cave.
             The game lasted 00:41:58 (13127 turns).

Crownlay the Geomancer (GrEE)                      Turns: 13127, Time: 00:41:59

Health: -11/84     AC: 20    Str: 13    XL:     14   Next: 15%
Magic:  0/24       EV: 11    Int: 22    God:    Vehumet [*****.]
Gold:   820        SH:  7    Dex: 10    Spells: 9/27 levels left

rFire   + + .      SeeInvis +    N - +4 long sword of the Spinneret {freeze, rElec rN+ Will+ Int+2}
rCold   + . .      Faith    +    j - +2 buckler
rNeg    + + .      Spirit   .    s - +0 robe {rC+ rF+}
rPois   ∞          Reflect  .    T - +0 helmet of Egalitarianism {rF+ rCorr}
rElec   +          Harm     .    R - +1 cloak {rCorr}
rCorr   +          Rampage  .    F - +0 pair of gloves
Will    ++...                    (no boots)
Stlth   ++                       P - amulet of faith
HPRegen 0.34/turn                n - +4 ring of protection
MPRegen 0.19/turn                O - ring of see invisible

@: flying
A: sickness immunity, AC +10, big wings, negative energy resistance 1,
electricity resistance, torment resistance 1, petrification resistance
a: Renounce Religion


You were in an ice cave.
You worshipped Vehumet.
Vehumet was extremely pleased with you.
You visited 2 branches of the dungeon, and saw 12 of its levels.
You also visited: Sewer, Bailey and Ice Cave.

You collected 1431 gold pieces.
You spent 611 gold pieces at shops.

Inventory:

Hand Weapons
 N - the +4 long sword of the Spinneret (weapon) {freeze, rElec rN+ Will+ Int+2}
   (You took it off a centaur warrior on level 9 of the Dungeon)

   Int:       It affects your intelligence (+2).
   rElec:     It insulates you from electricity.
   rN:        It protects you from negative energy.
   Will:      It increases your willpower.
Missiles
 z - a throwing net
Armour
 j - a +2 buckler (worn)
 s - a +0 robe of resistance (worn)
 x - a +0 troll leather armour {Pargi}
 y - the +15 Maxwell's patent armour {-Cast -Tele rElec Will+ rCorr}
   (You took it off an orc warrior in a bailey)

   rElec:     It insulates you from electricity.
   -Cast:     It prevents spellcasting.
   -Tele:     It prevents most forms of teleportation.
   rCorr:     It protects you from acid and corrosion.
   Will:      It increases your willpower.
 F - a +0 pair of gloves (worn)
 R - a +1 cloak of preservation (worn)
 S - the +1 pair of boots of Xom's Condemnation {+Inv Fly rC- Dex+3}
   (You bought it in a shop on level 10 of the Dungeon)

   Dex:       It affects your dexterity (+3).
   rC:        It makes you vulnerable to cold.
   +Inv:      It lets you turn invisible.
   Fly:       It grants you flight.
 T - the +0 helmet of Egalitarianism (worn) {rF+ rCorr}
   (You bought it in a shop on level 10 of the Dungeon)

   rF:        It protects you from fire.
   rCorr:     It protects you from acid and corrosion.
Jewellery
 m - a ring of flight
 n - a +4 ring of protection (left hand)
 q - a ring of protection from fire
 w - a +5 ring of evasion
 O - a ring of see invisible (right hand)
 P - an amulet of faith (around neck)
Wands
 a - a wand of iceblast (5)
 i - a wand of acid (15)
 C - a wand of paralysis (12)
 L - a wand of polymorph (3)
Scrolls
 d - a scroll of fog {unknown}
 h - 5 scrolls of fear
 k - a scroll of enchant weapon {unknown}
 l - 10 scrolls of blinking
 r - 2 scrolls of immolation
 u - 4 scrolls of teleportation
 A - 3 scrolls of magic mapping
 D - 3 scrolls of torment {unknown}
 G - a scroll of amnesia {unknown}
 I - a scroll of poison {unknown}
Potions
 b - 3 potions of magic
 c - a potion of berserk rage {unknown}
 e - 6 potions of mutation
 f - 2 potions of attraction
 g - 5 potions of flight
 o - 4 potions of curing
 p - 4 potions of heal wounds
 t - 5 potions of lignification
 v - a potion of cancellation {unknown}
 B - 2 potions of haste
 E - a potion of brilliance
 H - a potion of might {unknown}
 J - a potion of ambrosia {unknown}
Miscellaneous
 Q - a phantom mirror


   Skills:
 - Level 8.0 Fighting
 - Level 1.5 Dodging
 - Level 2.1 Stealth
 - Level 8.0 Shields
 - Level 7.0 Spellcasting
 - Level 7.0 Conjurations
 + Level 5.2 Summonings
 - Level 0.7 Transmutations
 + Level 9.7 Fire Magic
 - Level 14.9 Earth Magic
 - Level 5.0 Evocations


You had 9 spell levels left.
You knew the following spells:

 Your Spells              Type           Power      Damage    Failure   Level
a - Sandblast             Erth           100%       2d20      0%          1
b - Stone Arrow           Conj/Erth      100%       3d13      1%          3
c - Petrify               Tmut/Erth      42%        N/A       4%          4
d - Lee's Rapid Deconstr  Erth           32%        3d17*     1%          5
e - Fireball              Conj/Fire      22%        3d10      2%          5

Your spell library contained the following spells:

 Spells                   Type           Power      Damage    Failure   Level
 Sticky Flame             Conj/Fire      44%        2d6       1%          4
 Foxfire                  Conj/Fire      100%       2x1d9     1%          1
 Passwall                 Tmut/Erth      35%        N/A       1%          2
 Kindle Blastsparks       Fire/Tloc/Air  42%        2d13      2%          3
 Mephitic Cloud           Conj/Pois/Air  17%        N/A       3%          3
 Poisonous Vapours        Pois/Air       14%        N/A       4%          2
 Iron Shot                Conj/Erth      27%        9d6       4%          6
 Fulminant Prism          Conj/Hex       11%        3d8       7%          4
 Iskenderun's Mystic Bla  Conj/Tloc      23%        2d6       7%          4
 Starburst                Conj/Fire      22%        6d7       13%         6
 Freezing Cloud           Conj/Ice/Air   8%         6-21      26%         5
 Conjure Ball Lightning   Conj/Air       11%        3x3d6     63%         6
 Orb of Destruction       Conj           19%        9d8       71%         7
 Lehudib's Crystal Spear  Conj/Erth      27%        10d7      83%         8
 Cigotuvi's Dreadful Rot  Necr/Pois/Air  Unusable   N/A       N/A         2

Dungeon Overview and Level Annotations

Branches:
Dungeon (11/15)            Temple (1/1) D:7            Lair (0/5) D:8
  Sewer (visited)          Bailey (visited)           IceCv (1/1)
    Orc: D:9-12

Altars:
Ashenzari
Cheibriados
Dithmenos
Elyvilon
Fedhas
Gozag
Hepliaklqana
Kikubaaqudgha
Makhleb
Nemelex Xobeh
Okawaru
Qazlal
Ru
Sif Muna
Trog
Uskayaw
Vehumet
Wu Jian
Xom
Yredelemnul
Zin
The Shining One

Shops:
D:5 *   D:8 (![   D:10 [


Innate Abilities, Weirdness & Mutations

You are immune to sickness and miasma.
Your stone body is resilient. (AC +10)
You are immune to poison.
Your large and strong wings let you fly.
You resist negative energy. (rN+)
You are resistant to electric shocks. (rElec)
You are resistant to unholy torment.
You are immune to petrification.


Message History

Okay, then.
Blink to where?
Press: ? - help, Dir - move target, p - reaper
As you read the scroll of blinking, it crumbles to dust.
Aiming: Corrosive Bolt
Press: ? - help, Shift-Dir - straight line, f - reaper
Aim: a reaper, wielding a +1 scythe of freezing (severely wounded, 74% to hit)
The bolt of acid hits the reaper.
The acid corrodes the reaper!
The reaper is severely wounded.
Casting: Stone Arrow (safe; 1% risk of failure)
Confirm with . or Enter, or press ? or * to list all spells.
Aiming: Stone Arrow (safe; 1% risk of failure)
Press: ? - help, Shift-Dir - straight line, f/p - reaper
Aim: a reaper, wielding a +1 scythe of freezing (severely wounded, covered in acid, 78% to hit)
The stone arrow misses the reaper.
The reaper smiles without lips.
You block the reaper's attack.
Aiming: Paralyse
Press: ? - help, Shift-Dir - straight line, f/p - reaper
Aim: a reaper, wielding a +1 scythe of freezing (severely wounded, covered in acid, chance to affect: 5%)
Okay, then.
Press: ? - help, v - describe, . - travel
Here: a reaper, wielding a +1 scythe of freezing (severely wounded, covered in acid)
The floor.
Aiming: Corrosive Bolt
Press: ? - help, Shift-Dir - straight line, f/p - reaper
Aim: a reaper, wielding a +1 scythe of freezing (severely wounded, covered in acid, 74% to hit)
The bolt of acid hits the reaper!
The reaper seems to be corroded for longer.
The reaper is almost dead.
The reaper hits you but does no damage.
Casting: Stone Arrow (safe; 1% risk of failure)
Confirm with . or Enter, or press ? or * to list all spells.
Aiming: Sandblast (safe; 0% risk of failure)
Press: ? - help, Shift-Dir - straight line, f/p - reaper
Aim: a reaper, wielding a +1 scythe of freezing (almost dead, covered in acid, 85% to hit)
The blast of sand hits the reaper!
The reaper is almost dead.
The reaper hits you from afar with a +1 scythe of freezing!!
You die...

#2# #..##
#####.# ##...#
##..#.##
##..⌠.#
#.....§#
#.....##
##.##...#
##..#...#
#..##..)#
#..###..##
#2####.####.##
##..# #..#####
#..# ##.#
##.@## ##..#
##.# #...#
#..## #.##
#...# #.##
#.## ##..##
#..# #..#
#...###..#
##.#
##...###.#
##.# ##..###.#
###.##
#...#.## #.#.#
##..#.# ##...#


You could see a reaper (corroded).

Vanquished Creatures
  A hydra (D:9)
  A centaur warrior (D:9)
  A two-headed ogre (D:9)
  A deep elf pyromancer (D:9)
  An ugly thing (D:9)
  An ice statue (IceCv)
  A gargoyle (D:9)
  A freezing wraith (D:9)
  An unseen horror (D:10)
  A meliai (D:9)
  2 trolls
  A hornet (D:10)
  A shadow (D:9)
  16 yaks
  3 wyverns (D:9)
  A basilisk (D:9)
  Grum (D:9)
  3 vampire mosquitoes
  2 steam dragons (D:9)
  2 death yak simulacra (IceCv)
  Menkaure (D:4)
  A harpy simulacrum (IceCv)
  A water moccasin (D:4)
  A hydra simulacrum (IceCv)
  Duvessa (D:7)
  Pargi (Sewer)
  8 orc warriors
  A sky beast (D:8)
  A black bear (D:4)
  An ice beast (D:5)
  An ogre (D:5)
  6 wolves
  3 centaurs
  A phantom (D:5)
  2 kobold brigands
  5 bullfrogs
  A necrophage (D:5)
  2 scorpions
  A gnoll sergeant (D:9)
  6 two-headed ogre simulacra (IceCv)
  3 cane toad simulacra (IceCv)
  23 wights
  Dowan (D:7)
  9 killer bees
  2 howler monkeys (D:9)
  4 electric eels (D:8)
  A jelly (D:7)
  5 hounds
  7 orc priests
  6 iguanas
  Jessica (D:3)
  11 orc wizards
  7 spriggan simulacra (IceCv)
  4 troll simulacra (IceCv)
  4 gnolls (D:3)
  8 adders
  6 naga simulacra (IceCv)
  3 river rats (D:3)
  3 shadow imps
  9 white imps
  5 ufetubi
  4 worms (D:3)
  4 dart slugs
  32 orcs
  6 endoplasms
  A giant cockroach (D:1)
  7 hobgoblins
  13 jackals
  17 kobolds
  2 quokkas
  10 ball pythons
  5 bats
  6 frilled lizards
  11 goblins
  7 rats
334 creatures vanquished.

Vanquished Creatures (others)
  A bush (D:5)
  8 plants (D:9)
9 creatures vanquished.

Grand Total: 343 creatures vanquished

Notes
Turn   | Place    | Note
-------+----------+-------------------------------------------
     0 | D:1      | Crownlay the Gargoyle Earth Elementalist began the quest
                  | for the Orb.
     0 | D:1      | Reached XP level 1. HP: 10/10 MP: 3/3
    37 | D:1      | Reached skill level 4 in Earth Magic
   154 | D:1      | Reached XP level 2. HP: 15/15 MP: 0/5
   493 | D:1      | Found a faded altar of an unknown god.
   628 | D:1      | Reached XP level 3. HP: 19/19 MP: 3/6
   667 | D:1      | Reached skill level 5 in Earth Magic
   679 | D:1      | Learned a level 3 spell: Stone Arrow
  1246 | D:2      | Reached skill level 1 in Shields
  1322 | D:2      | Found a white marble altar of Elyvilon.
  1389 | D:2      | Reached XP level 4. HP: 24/24 MP: 5/7
  1853 | D:3      | Reached skill level 6 in Earth Magic
  1856 | D:3      | Found a glowing drain.
  1864 | Sewer    | Entered a sewer
  1958 | Sewer    | Noticed Pargi
  1970 | Sewer    | Killed Pargi
  1971 | Sewer    | Reached XP level 5. HP: 28/28 MP: 1/8
  2428 | D:3      | Reached skill level 7 in Earth Magic
  2636 | D:3      | Reached XP level 6. HP: 32/32 MP: 7/9
  2709 | D:3      | Noticed Jessica
  2714 | D:3      | Killed Jessica
  3226 | D:4      | Noticed a water moccasin
  3237 | D:4      | Killed a water moccasin
  3238 | D:4      | Reached skill level 8 in Earth Magic
  3359 | D:4      | Found a snail-covered altar of Cheibriados.
  3364 | D:4      | Noticed a black bear
  3373 | D:4      | Killed a black bear
  3374 | D:4      | Reached XP level 7. HP: 36/36 MP: 7/10
  3787 | D:5      | Entered Level 5 of the Dungeon
  3787 | D:5      | Noticed Menkaure
  3793 | D:4      | Killed Menkaure
  3794 | D:4      | Reached skill level 9 in Earth Magic
  3874 | D:5      | Reached skill level 5 in Shields
  3874 | D:5      | Reached XP level 8. HP: 41/41 MP: 8/11
  3959 | D:5      | Found a burning altar of Makhleb.
  4189 | D:5      | Reached skill level 1 in Conjurations
  4241 | D:5      | Found an ornate altar of the Wu Jian Council.
  4365 | D:5      | Found Utogucai's General Store.
  4383 | D:5      | Reached skill level 10 in Earth Magic
  4635 | D:5      | Bought a scroll of noise for 11 gold pieces
  4635 | D:5      | Bought a scroll of vulnerability for 44 gold pieces
  4635 | D:5      | Bought a potion of brilliance for 44 gold pieces
  4818 | D:6      | Reached skill level 1 in Fire Magic
  5177 | D:6      | Reached XP level 9. HP: 45/45 MP: 1/14
  5453 | D:6      | Identified 2 scrolls of acquirement
  6904 | D:7      | Found a staircase to the Ecumenical Temple.
  6913 | Temple   | Entered the Ecumenical Temple
  7038 | Temple   | Became a worshipper of Vehumet
  7163 | D:7      | Found a shadowy altar of Dithmenos.
  7288 | D:7      | Reached skill level 5 in Spellcasting
  7617 | D:7      | Noticed Dowan
  7620 | D:7      | Noticed Duvessa
  7621 | D:7      | Killed Dowan
  7625 | D:7      | Killed Duvessa
  7626 | D:7      | Reached skill level 1 in Evocations
  8168 | D:8      | Reached XP level 10. HP: 50/50 MP: 10/18
  8245 | D:8      | Found Bifirroe's Antique Weapon Emporium.
  8337 | D:8      | Reached * piety under Vehumet
  8337 | D:8      | Offered knowledge of Shock by Vehumet.
  8362 | D:8      | Reached skill level 5 in Fire Magic
  8693 | D:8      | Found a staircase to the Lair.
  8822 | D:8      | Found Qesept's Distillery.
  9078 | D:8      | Found Toalur's Armour Emporium.
  9162 | D:9      | Found a basalt altar of Yredelemnul.
  9271 | D:9      | Found a white marble altar of Elyvilon.
  9318 | D:9      | Found a shimmering altar of Xom.
  9386 | D:9      | Reached skill level 5 in Evocations
  9386 | D:9      | Reached skill level 1 in Fighting
  9389 | D:9      | Reached ** piety under Vehumet
  9389 | D:9      | Offered knowledge of Freeze by Vehumet.
  9621 | D:9      | Noticed a two-headed ogre
  9760 | D:9      | Reached skill level 5 in Fighting
  9760 | D:9      | Reached XP level 11. HP: 50/63 MP: 5/21
 10157 | D:9      | Noticed Grum
 10164 | D:9      | Killed Grum
 10259 | D:9      | Offered knowledge of Ignite Poison by Vehumet.
 10453 | D:9      | Killed a two-headed ogre
 10547 | D:9      | Noticed a five-headed hydra
 10584 | D:9      | Learned a level 4 spell: Petrify
 10591 | D:9      | Noticed a red ugly thing
 10608 | D:9      | Noticed a deep elf pyromancer
 10618 | D:9      | Killed a red ugly thing
 10620 | D:9      | Killed a deep elf pyromancer
 10620 | D:9      | Reached *** piety under Vehumet
 10620 | D:9      | Killed a five-headed hydra
 10780 | D:9      | Identified the +4 long sword of the Spinneret {freeze,
                  | rElec rN+ Will+ Int+2}
 10780 | D:9      | Noticed a centaur warrior
 10818 | D:9      | Killed a centaur warrior
 10819 | D:9      | Reached skill level 11 in Earth Magic
 11028 | D:9      | Acquired 754 gold pieces
 11030 | D:9      | Acquired the Collected Works on Outbursts
 11155 | D:10     | Entered Level 10 of the Dungeon
 11179 | D:10     | Reached skill level 1 in Summonings
 11227 | D:10     | Found a flagged portal.
 11239 | Bailey   | Entered a bailey
 11328 | Bailey   | Offered knowledge of Frozen Ramparts by Vehumet.
 11375 | Bailey   | Reached XP level 12. HP: 73/73 MP: 15/22
 11882 | D:10     | Found Quxzit's Antique Armour Emporium.
 11887 | D:10     | Bought a pair of glimmering boots for 256 gold pieces
 11887 | D:10     | Identified the +1 pair of boots of Xom's Condemnation {+Inv
                  | Fly rC- Dex+3} (You bought it in a shop on level 10 of the
                  | Dungeon)
 11887 | D:10     | Bought a heavily runed helmet for 256 gold pieces
 11887 | D:10     | Identified the +0 helmet of Egalitarianism {rF+ rCorr} (You
                  | bought it in a shop on level 10 of the Dungeon)
 12017 | D:10     | Found an opulent altar of Gozag.
 12056 | D:10     | Reached XP level 13. HP: 78/78 MP: 23/23
 12057 | D:10     | Reached skill level 14 in Earth Magic
 12057 | D:10     | Gained mutation: Your large and strong wings let you fly.
                  | [Gargoyle growth]
 12057 | D:10     | Reached XP level 14. HP: 84/84 MP: 24/24
 12156 | D:10     | Learned a level 5 spell: Lee's Rapid Deconstruction
 12162 | D:10     | Learned a level 5 spell: Fireball
 12488 | D:11     | Found a frozen archway.
 12494 | IceCv    | Entered an ice cave
 12581 | IceCv    | Reached **** piety under Vehumet
 12602 | IceCv    | Offered knowledge of Iskenderun's Battlesphere by Vehumet.
 12672 | IceCv    | Reached skill level 5 in Summonings
 12935 | IceCv    | Reached ***** piety under Vehumet
 13108 | IceCv    | Offered knowledge of Sticky Flame by Vehumet.
 13112 | IceCv    | Noticed a reaper
 13127 | IceCv    | Mangled by a reaper

Illustrated notes

Levels and vault maps discovered:
D:1:      amcnicky_arrival_double_pillar, layout_loops_ring,
          hellmonk_ecumenical_altar_slurped_away, grunt_decor_mini_mirrors
D:2:      layout_rooms, basic_altar, nicolae_figureground_pulse
D:3:      layout_basic, lightli_sewer_entry_pipes, uniq_jessica
D:4:      layout_basic, mainiacjoe_overflow_tiny_flanked
D:5:      layout_loops_cross, bloody_makhleb, mainiacjoe_overflow_alcove_2,
          serial_shops, nicolae_shop_hallway_stairs, kb_lookout_dungeons_type,
          uniq_menkaure
D:6:      layout_layer_cave, chequers_jeans
D:7:      layout_layer_cave, nicolae_dithmenos_shadow_blocks,
          minmay_temple_entry_trees, uniq_duvessa
D:8:      layout_loops_ring, erik_lair_island, serial_shops,
          nicolae_shop_statue_plus, nicolae_shop_advertising_works
          [nicolae_subvault_shop_adworks], nicolae_square_shop
D:9:      minmay_the_grid_triangle_9x9_rhombus_full
          [minmay_the_grid_triangle_9x9_semitri,
          minmay_the_grid_triangle_9x9_empty,
          minmay_the_grid_triangle_9x9_longest,
          minmay_the_grid_triangle_9x9_wacky_v,
          minmay_the_grid_triangle_9x9_limited_checkers,
          minmay_the_grid_triangle_9x9_pentomino_pain,
          minmay_the_grid_triangle_9x9_sparse_checkered,
          minmay_the_grid_triangle_9x9_prize_center], layout_basic,
          kennysheep_ying_yang, mainiacjoe_overflow_chevrons, minivault_1,
          uniq_grum
D:10:     layout_stronghold, mainiacjoe_overflow_boulevard, enter_bailey_3,
          serial_shops, shop
D:11:     layout_small_grid, orc_0_dummy, portal_ice_cave_entry_pillars_1,
          kennysheep_dice
Temple:   jpeg_temple_clearing
IceCv:    ice_cave_caverns_01

Skill      XL: |  1  2  3  4  5  6  7  8  9 10 11 12 13 14 |
---------------+-------------------------------------------+-----
Earth Magic    | 4 5 6 7 8 9 10 11 14 | 14.9
Shields        | 1 2 4 5 6 7 8 |  8.0
Conjurations   | 3 4 7 |  7.0
Spellcasting   | 3 5 6 7 |  7.0
Fire Magic     | 2 4 6 7 9 |  9.7
Evocations     | 1 5 |  5.0
Fighting       | 5 8 |  8.0
Summonings     | 1 4 5 |  5.2
Dodging        | |  1.5
Stealth        | |  2.1
Transmutations | |  0.7

Action                     |  1- 3 |  4- 6 |  7- 9 | 10-12 | 13-15 || total
---------------------------+-------+-------+-------+-------+-------++-------
  Melee: Short sword       |    13 |       |     1 |     1 |       ||    15
         Falchion          |       |    28 |    11 |       |       ||    39
         Long sword        |       |       |       |       |     4 ||     4
   Cast: Sandblast         |    48 |    81 |   134 |   257 |    88 ||   608
         Stone Arrow       |       |     1 |    30 |    26 |     5 ||    62
         Petrify           |       |       |       |     4 |       ||     4
         Lee's Rapid Decon |       |       |       |       |     3 ||     3
  Evoke: Wand              |       |       |       |    15 |     2 ||    17
    Use: Scroll            |       |     5 |     4 |    10 |     1 ||    20
         Potion            |       |       |       |     2 |     1 ||     3
 Armour: Robe              |    14 |    14 |       |       |    12 ||    40
         Troll leather arm |       |    16 |    33 |    61 |    21 ||   131
  Dodge: Dodged            |    32 |    46 |    69 |   146 |    30 ||   323
  Block: Buckler           |       |       |    30 |    86 |    28 ||   144

Table legend: (Time is in decaauts)
 A = Elapsed time spent in this place.
 B = Non-inter-level travel time spent in this place.
 C = Inter-level travel time spent in this place.
 D = Time resting spent in this place.
 E = Time spent auto-exploring this place.
 F = Levels seen in this place.
 G = Mean time per level.
                   A        B        C        D        E       F      G
               +--------+--------+--------+--------+--------+-----+--------+
         Total |  13492 |  13107 |    385 |    224 |  10291 |  15 |  899.5 |
       Dungeon |  11873 |  11528 |    345 |    152 |   9229 |  11 | 1079.4 |
        Temple |    139 |     99 |     40 |      0 |     82 |   1 |  139.0 |
         Sewer |    257 |    257 |      0 |      0 |    192 |   1 |  257.0 |
        Bailey |    556 |    556 |      0 |     72 |    343 |   1 |  556.0 |
      Ice Cave |    665 |    665 |      0 |      0 |    444 |   1 |  665.0 |
               +--------+--------+--------+--------+--------+-----+--------+

Top non-repeatable levels by time:
     D:9: 2109 daAuts
     D:6: 2039 daAuts
     D:7: 1335 daAuts
     D:3: 1277 daAuts
     D:1: 1141 daAuts
     D:8: 985 daAuts
     D:5: 883 daAuts
    D:10: 810 daAuts
     D:4: 675 daAuts
   IceCv: 665 daAuts
     D:2: 588 daAuts
  Bailey: 556 daAuts
   Sewer: 257 daAuts
  Temple: 139 daAuts
    D:11: 25 daAuts
